 Seeded DCSS version 0.31-a0-66-ge618eeaa78 (webtiles) character file.

Game seed: 6351066067085065685 (custom seed)

37 Esekla the Sneak (level 3, -1/26 HPs)
             Began as an Octopode Delver on May 22, 2023.
             Slain by an iguana (9 damage)
             ... on level 5 of the Dungeon.
             The game lasted 00:07:14 (845 turns).

Esekla the Sneak (Octopode Delver)                   Turns: 845, Time: 00:07:14

Health: -1/26      AC:  1    Str: 11    XL:     3   Next: 41%
Magic:  4/4        EV: 18    Int: 14    God:
Gold:   42         SH:  0    Dex: 13    Spells: 3/3 levels left

rFire   . . .        a - +0 falchion
rCold   . . .        (no shield)
rNeg    . . .        (helmet restricted)
rPois   .            (no amulet)
rElec   .            d - +5 ring of evasion
rCorr   .            (no ring)
SInv    .            (no ring)
Will    +....        (no ring)
Stlth   ++++         (no ring)
HPRegen 0.24/turn    (no ring)
MPRegen 0.09/turn    (no ring)
                     (no ring)

%: no passive effects
@: enlightened, flying
A: almost no armour, amphibious, 8 rings, camouflage 1, gelatinous body 1,
(nimble swimmer 1), tentacles
a: no special abilities


You were on level 5 of the Dungeon.
You visited 1 branch of the dungeon, and saw 2 of its levels.

You collected 42 gold pieces.

Inventory:

Hand Weapons
 a - a +0 falchion (weapon)
Missiles
 g - 2 boomerangs (quivered)
Jewellery
 d - a +5 ring of evasion (left tentacle)
Wands
 f - a wand of digging (3)
Scrolls
 b - a scroll of fog
 c - a scroll of magic mapping
 h - 3 scrolls of identify
Potions
 e - a potion of enlightenment
 j - 2 potions of curing
 k - a potion of attraction {unknown}


   Skills:
 * Level 3.2 Fighting
 * Level 2.2 Long Blades
 * Level 2.2 Dodging
 + Level 7.2 Stealth
 * Level 0.7 Spellcasting


You had 3 spell levels left.
You didn't know any spells.
Your spell library was empty.

Dungeon Overview and Level Annotations

Branches:
Dungeon (6/15)
 Temple: D:4-7

Altars:
Dithmenos


Innate Abilities, Weirdness & Mutations

You cannot wear most types of armour.
You are amphibious.
You can wear up to eight rings at the same time.
Your skin changes colour to match your surroundings (Stealth+).
Your rubbery body absorbs attacks. (AC +1, EV +1)
((You are camouflaged when in or above water. (Stealth+)))
You have tentacles for arms and can constrict up to eight enemies at once.


Message History

There is a shadowy altar of Dithmenos here.
You open the door.
There is an open door here.
An ogre comes into view. It is wielding a +0 giant club.
The ogre shouts!
Okay, then.
Okay, then.
You feel yourself speed up.
The iguana hisses angrily.
Found 2 purple potions.
Found a leather armour.
An adder comes into view.
You see here 2 purple potions.
e - 2 purple potions The adder hisses angrily.
Your extra speed is starting to run out.
The ogre shouts!
You open the door.
You feel yourself slow down. The iguana attacks as you move away!
The iguana barely misses you.
Found a leather armour.
There is an open door here.
The iguana attacks as you move away! The iguana completely misses you.
The iguana attacks as you move away! The iguana closely misses you.
As you read the scroll labelled BAAPSI VUUTI, it crumbles to dust.
It is a scroll of amnesia.
You feel forgetful for a moment. The iguana bites you!
Ouch! That really hurt!
As you read the scroll labelled OPUZOUSOET, it crumbles to dust.
It is a scroll of identify.
j - 2 potions of curing The iguana completely misses you.
Okay, then.
As you read the scroll of identify, it crumbles to dust.
e - 2 potions of enlightenment The adder bites you.
The iguana misses you.
Okay, then.
You feel very buoyant.
You fly up into the air.
The adder bites you. The iguana bites you!
You die...

#.......... #..........
#.......... #.......... #####
#...#####'# ##...###...###...#
#.....#.....+....#
#.S.[.#.....#.....
#@lO..#.....#.###'
##########..#####+...# #.
#........#..####..O#.###.
#.......S'.....#.....###_
#.......O#.....#.....###.
#........#.....#.....# #.
######........##########..###'
#.............................
#.............................


You could see an ogre, an iguana and an adder.

Vanquished Creatures
  An iguana (D:5)
  An adder (D:5)
2 creatures vanquished.

Notes
Turn   | Place    | Note
-------+----------+-------------------------------------------
     0 | D:5      | Esekla the Octopode Delver began the quest for the Orb.
     0 | D:5      | Reached XP level 1. HP: 16/16 MP: 1/1
    57 | D:5      | Noticed an iguana
    71 | D:5      | Found a shadowy altar of Dithmenos.
   234 | D:5      | Reached XP level 2. HP: 16/21 MP: 2/2
   325 | D:6      | Noticed an ice beast
   381 | D:5      | Reached skill level 7 in Stealth
   381 | D:5      | Reached XP level 3. HP: 11/26 MP: 2/4
   488 | D:5      | Noticed an ogre
   753 | D:5      | Noticed an ogre
   845 | D:5      | Slain by an iguana

Illustrated notes

Levels and vault maps discovered:
D:5:      layout_gridville, lemuel_doored_altar
D:6:      layout_loops_ring, mainiacjoe_overflow_tiny_flanked,
          minmay_temple_entry_junction_2, minmay_fractal_squares_gapless_5,
          uniq_duvessa, uniq_menkaure

Skill      XL: |  1  2 |
---------------+-------+-----
Stealth        | 7 |  7.2
Fighting       | |  3.2
Long Blades    | |  2.2
Dodging        | |  2.2
Spellcasting   | |  0.7

Action                     || total
---------------------------++-------
  Melee: Falchion          ||     8
         Constrict         ||     2
         Tentacles         ||     2
    Use: Scroll            ||     4
         Potion            ||     2
   Stab: Sleeping          ||     1
  Dodge: Dodged            ||    13

Table legend: (Time is in decaauts)
 A = Elapsed time spent in this place.
 B = Non-inter-level travel time spent in this place.
 C = Inter-level travel time spent in this place.
 D = Time resting spent in this place.
 E = Time spent auto-exploring this place.
 F = Levels seen in this place.
 G = Mean time per level.
                   A        B        C        D        E       F      G
               +--------+--------+--------+--------+--------+-----+--------+
         Total |    827 |    827 |      0 |     79 |      0 |   2 |  413.5 |
       Dungeon |    827 |    827 |      0 |     79 |      0 |   2 |  413.5 |
               +--------+--------+--------+--------+--------+-----+--------+

Top non-repeatable levels by time:
     D:5: 725 daAuts
     D:6: 101 daAuts
